 Dungeon Crawl Stone Soup version 0.31-a0-569-g7ea453304b (webtiles) character file.

Game seed: 1095605038362885598

441 Ethylacetat the Insei (level 7, -1/49 HPs)
             Began as an Octopode Gladiator on Aug 18, 2023.
             Was a Believer of Trog.
             Slain by a sky beast (5 damage)
             ... on level 6 of the Dungeon.
             The game lasted 00:04:46 (4569 turns).

Ethylacetat the Insei (Octopode Gladiator)          Turns: 4569, Time: 00:04:47

Health: -1/49      AC:  1    Str: 14    XL:     7   Next: 2%
Magic:  7/7        EV: 15    Int: 10    God:    Trog [**....]
Gold:   273        SH:  0    Dex: 15    Spells: 6/6 levels left

rFire   . . .        m - +2 short sword (venom)
rCold   . . .        (no shield)
rNeg    . . .        a - +0 hat
rPois   .            (no amulet)
rElec   .            (no ring)
rCorr   .            (no ring)
SInv    .            (no ring)
Will    .....        (no ring)
Stlth   ++           (no ring)
HPRegen 0.28/turn    (no ring)
MPRegen 0.10/turn    (no ring)
                     (no ring)

%: no passive effects
@: no status effects
A: almost no armour, amphibious, 8 rings, camouflage 1, gelatinous body 1,
(nimble swimmer 1), tentacles
a: Renounce Religion, Berserk, Trog's Hand


You were on level 6 of the Dungeon.
You worshipped Trog.
Trog was pleased with you.
You visited 1 branch of the dungeon, and saw 6 of its levels.

You collected 273 gold pieces.

Inventory:

Hand Weapons
 m - a +2 short sword of venom (weapon)
Missiles
 b - 3 throwing nets (quivered)
 c - a javelin
 x - 2 curare-tipped darts
Armour
 a - a +0 hat (worn)
Wands
 v - a wand of charming (16)
 w - a wand of polymorph (5)
Scrolls
 g - a scroll of enchant armour {unknown}
 h - 3 scrolls of teleportation {unknown}
 i - 5 scrolls of identify {unknown}
 k - a scroll of amnesia {unknown}
 p - a scroll of blinking {unknown}
 q - a scroll of vulnerability {unknown}
 r - 2 scrolls of immolation {unknown}
 t - a scroll of noise {unknown}
Potions
 d - 2 potions of degeneration {unknown}
 e - 6 potions of curing {unknown}
 f - a potion of enlightenment {unknown}
 j - a potion of attraction {unknown}
 l - a potion of lignification {unknown}
 n - 3 potions of brilliance {unknown}
 o - a potion of berserk rage {unknown}
 s - a potion of invisibility {unknown}
 u - a potion of resistance {unknown}
 z - a potion of experience {unknown}
 A - a potion of heal wounds {unknown}


   Skills:
 + Level 4.4 Fighting
 - Level 2.0 Throwing
 + Level 5.0 Dodging
 + Level 5.0 Unarmed Combat


You had 6 spell levels left.
You didn't know any spells.
Your spell library was empty.

Dungeon Overview and Level Annotations

Branches:
Dungeon (6/15)
 Temple: D:4-7

Altars:
Makhleb
Nemelex Xobeh
Sif Muna
Trog
Wu Jian

Shops:
D:1 (


Innate Abilities, Weirdness & Mutations

You cannot wear most types of armour.
You are amphibious.
You can wear up to eight rings at the same time.
Your skin changes colour to match your surroundings (Stealth+).
Your rubbery body absorbs attacks. (AC +1, EV +1)
((You are camouflaged when in or above water. (Stealth+)))
You have tentacles for arms and can constrict up to eight enemies at once.


Message History

No target in view!
Found a leather armour.
A sky beast comes into view.
There is an open door here.
A sky beast is nearby!
You hit the sky beast.
The sky beast is poisoned.
You squeeze the sky beast!
The sky beast is moderately wounded.
The sky beast hits you. The sky beast shocks you.
You hit the sky beast.
The sky beast looks as sick as possible!
The sky beast is heavily wounded.
The sky beast flickers out of sight!
Deactivating autopickup; reactivate with Ctrl-A.
Something hits you. Something shocks you.
No target in view!
No target in view!
There is a strange disturbance nearby!
No target in view!
No target in view!
No target in view!
No target in view!
No target in view!
You miss something. Something hits you. Something shocks you.
You closely miss something. Something hits you. Something shocks you.
You barely miss something.
A sky beast appears from thin air!
Reactivating autopickup.
The sky beast misses you.
You hit the sky beast but do no damage.
The sky beast looks as sick as possible!
The sky beast is almost dead.
The sky beast hits you.
* * * LOW HITPOINT WARNING * * *
The sky beast shocks you.
* * * LOW HITPOINT WARNING * * *
You completely miss the sky beast. Your squeeze misses the sky beast.
The sky beast is almost dead.
The sky beast hits you.
* * * LOW HITPOINT WARNING * * *
The sky beast shocks you.
You die...

........ #######
....... #.....#
......#
###.....#####+#.....#
........+.....#.....#
..##.....##....#.....#
..##.....##....#Y....#
..#.......'....#@....#
..#......###'###.....#
..#......#...........#
..##.....+.......[...#
..##.....#......######
..##.....#......#
.........#......#
.........#......#
####....<########


You could see a sky beast (extremely poisoned).

Vanquished Creatures
  A black bear (D:5)
  A scorpion (D:5)
  An orc priest (D:5)
  4 orc wizards
  7 adders
  A worm (D:2)
  A dart slug (D:1)
  19 orcs
  7 ball pythons
  7 bats
  5 endoplasms
  4 giant cockroaches
  6 goblins
  7 hobgoblins
  11 kobolds
  4 quokkas
  6 frilled lizards
  6 rats
98 creatures vanquished.

Notes
Turn   | Place    | Note
-------+----------+-------------------------------------------
     0 | D:1      | Ethylacetat the Octopode Gladiator began the quest for the
                  | Orb.
     0 | D:1      | Reached XP level 1. HP: 14/14 MP: 1/1
   122 | D:1      | Reached XP level 2. HP: 19/19 MP: 2/2
   254 | D:1      | Found a faded altar of an unknown god.
   318 | D:1      | Prayed at the altar of an unknown god.
   318 | D:1      | Became a worshipper of Trog the Wrathful
   318 | D:1      | Reached * piety under Trog
   360 | D:1      | Found Ofruish's Weapon Emporium.
   662 | D:1      | Reached XP level 3. HP: 25/25 MP: 3/3
  1025 | D:2      | Reached XP level 4. HP: 30/30 MP: 4/4
  1195 | D:2      | Reached ** piety under Trog
  1629 | D:3      | Found a burning altar of Makhleb.
  1730 | D:3      | Reached XP level 5. HP: 34/36 MP: 5/5
  3371 | D:5      | Entered Level 5 of the Dungeon
  3429 | D:5      | Reached XP level 6. HP: 27/43 MP: 6/6
  3570 | D:5      | Found a sparkling altar of Nemelex Xobeh.
  3806 | D:5      | Found a shimmering blue altar of Sif Muna.
  3970 | D:5      | Found an ornate altar of the Wu Jian Council.
  4067 | D:5      | Noticed a black bear
  4074 | D:5      | Killed a black bear
  4075 | D:5      | Reached skill level 5 in Dodging
  4075 | D:5      | Reached skill level 5 in Unarmed Combat
  4088 | D:5      | Reached XP level 7. HP: 16/49 MP: 7/7
  4569 | D:6      | Slain by a sky beast

Illustrated notes

Levels and vault maps discovered:
D:1:      kennysheep_arrival_forest, layout_loops_cross, serial_shops, shop,
          dreamdust_ecumenical_altar_hidden_monk_grotto,
          chequers_serial_rivers_micro_b
D:2:      layout_loops_ring
D:3:      layout_basic, bloody_makhleb, serial_curves, eino_curves_01,
          eino_curves_01
D:4:      layout_basic, mrwooster_statue_mirror, kennysheep_cross_bottleneck,
          nrook_campfire
D:5:      layout_cave_pods, lemuel_tele_altar,
          nemelex_xobeh_ov_fountains_minmay, kennysheep_little_box
D:6:      layout_gridville, slow_altar_1, temple_hall, serial_bayou_pond_a

Skill      XL: |  1  2  3  4  5  6 |
---------------+-------------------+-----
Fighting       | 3 4 |  4.4
Unarmed Combat | 4 5 |  5.0
Dodging        | 4 5 |  5.0
Throwing       | |  2.0

Action                     |  1- 3 |  4- 6 |  7- 9 || total
---------------------------+-------+-------+-------++-------
  Melee: Unarmed           |    75 |    79 |       ||   154
         Tentacles         |    10 |    28 |     2 ||    40
         Constrict         |    18 |    35 |     2 ||    55
         Punch             |     5 |     3 |       ||     8
         Short sword       |       |    50 |    13 ||    63
 Invoke: Berserk           |       |     1 |       ||     1
   Stab: Sleeping          |    11 |    10 |       ||    21
 Armour: Skin              |     9 |     9 |       ||    18
  Dodge: Dodged            |    31 |    94 |     8 ||   133

Table legend: (Time is in decaauts)
 A = Elapsed time spent in this place.
 B = Non-inter-level travel time spent in this place.
 C = Inter-level travel time spent in this place.
 D = Time resting spent in this place.
 E = Time spent auto-exploring this place.
 F = Levels seen in this place.
 G = Mean time per level.
                   A        B        C        D        E       F      G
               +--------+--------+--------+--------+--------+-----+--------+
         Total |   4564 |   4422 |    142 |     35 |   3805 |   6 |  760.7 |
       Dungeon |   4564 |   4422 |    142 |     35 |   3805 |   6 |  760.7 |
               +--------+--------+--------+--------+--------+-----+--------+

Top non-repeatable levels by time:
     D:5: 1142 daAuts
     D:4: 1063 daAuts
     D:1: 876 daAuts
     D:2: 743 daAuts
     D:3: 675 daAuts
     D:6: 63 daAuts
